 Dungeon Crawl Stone Soup version 0.27.0-1-g7a089689b8 (webtiles) character file.

Game seed: 2038131945264722228

653 PentaManta the Ruffian (level 7, -2/66 HPs)
             Began as a Troll Abyssal Knight on Aug 13, 2021.
             Was a Priest of Lugonu.
             Slain by a centaur (6 damage)
             ... on level 5 of the Dungeon.
             The game lasted 00:10:02 (3602 turns).

PentaManta the Ruffian (Troll Abyssal Knight)       Turns: 3602, Time: 00:10:03

Health: -2/66      AC:  4    Str: 21    XL:     7   Next: 29%
Magic:  9/9        EV:  9    Int: 10    God:    Lugonu [***...]
Gold:   20         SH:  0    Dex:  9    Spells: 6/6 levels left

rFire    . . .     SeeInvis .     - Unarmed
rCold    . . .     Faith    .   (no shield)
rNeg     . . .     Spirit   .   a - +0 robe
rPois    .         Reflect  .   (helmet restricted)
rElec    .         Harm     .   (no cloak)
rCorr    .         Rampage  .   (gloves unavailable)
Will     .....                  (boots unavailable)
Stlth    +.........             (no amulet)
HPRegen  1.21/turn              (no ring)
MPRegen  0.11/turn              (no ring)

@: no status effects
A: large, unfitting armour, claws 3, regeneration 1, shaggy fur 1, tough skin 1
a: Renounce Religion, Depart the Abyss, Bend Space, Banish


You were on level 5 of the Dungeon.
You worshipped Lugonu.
Lugonu was most pleased with you.
You visited 2 branches of the dungeon, and saw 7 of its levels.
You visited the Abyss 1 time.

You collected 352 gold pieces.
You spent 332 gold pieces at shops.

Inventory:

Armour
 a - a +0 robe (worn)
 t - a scarf of harm
Wands
 h - a wand of flame (23)
Scrolls
 b - a scroll of acquirement {unknown}
 c - 6 scrolls of identify {unknown}
 d - 2 scrolls of fear
 e - a scroll of torment {unknown}
 f - a scroll of enchant weapon {unknown}
 g - 2 scrolls of enchant armour {unknown}
 i - 2 scrolls of teleportation {unknown}
 n - a scroll of vulnerability {unknown}
 r - a scroll of holy word {unknown}
 s - a scroll of amnesia {unknown}
Potions
 j - 2 potions of might
 k - a potion of attraction {unknown}
 l - 3 potions of haste
 m - a potion of ambrosia {unknown}
 o - a potion of resistance
 p - a potion of heal wounds
 q - a potion of curing


   Skills:
 - Level 2.4 Fighting
 - Level 1.9 Dodging
 * Level 7.0 Unarmed Combat
 + Level 4.1 Invocations


You had 6 spell levels left.
You didn't know any spells.
Your spell library contained the following spells:

 Spells                   Type           Power      Damage    Failure   Level
 Corona                   Hex            0%         N/A       36%         1
 Corpse Rot               Necr/Air       N/A        N/A       50%         2
 Ensorcelled Hibernation  Hex/Ice        0%         N/A       50%         2
 Poisonous Vapours        Pois/Air       0%         N/A       50%         2
 Tukima's Dance           Hex            0%         N/A       75%         3
 Animate Armour           Summ/Erth      0%         N/A       98%         4
 Blade Hands              Tmut           0%         N/A       100%        5
 Freezing Cloud           Conj/Ice/Air   0%         6-21      100%        5
 Iron Shot                Conj/Erth      0%         9d1       100%        6


Dungeon Overview and Level Annotations

Branches:
Dungeon (6/15)             Temple (1/1) D:4

Altars:
Qazlal
Vehumet
Wu Jian
Xom

Shops:
D:4 [![((   D:5 *

Annotations:
D:5 Edmund


Innate Abilities, Weirdness & Mutations

You are too large for most types of armour.
You have claws for hands.
Your natural rate of healing is unusually fast.
You are covered in fur. (AC +1)
You have tough skin. (AC +1)


Message History

HP restored.
You climb downwards.
Level annotation: Edmund The orc wizard hits you but does no damage.
The ogre hits you with a +0 giant club.
The orc wizard hits you with a +0 dagger.
There is a stone staircase leading up here.
The orc wizard gestures at you while chanting.
You are confused.
In your confused state, you trip and fall back down the stairs.
The ogre misses you. The orc wizard casts a spell at you.
The magic dart hits you!
The ogre hits you with a +0 giant club!!
The orc wizard hits you with a +0 dagger.
In your confused state, you trip and fall back down the stairs.
The ogre hits you with a +0 giant club!!
* * * LOW HITPOINT WARNING * * *
The orc wizard hits you with a +0 dagger.
* * * LOW HITPOINT WARNING * * *
You feel much better. The howler monkey hits you.
The orc wizard hits you with a +0 dagger.
It was a potion of curing.
You feel better. The ogre hits you with a +0 giant club!
The howler monkey closely misses you.
The orc wizard hits you with a +0 dagger.
* * * LOW HITPOINT WARNING * * *
The howler monkey hits you.
* * * LOW HITPOINT WARNING * * *
The orc priest begins to cast a cantrip, but forgets the words!
The centaur shoots an arrow.
The arrow hits you!
* * * LOW HITPOINT WARNING * * *
The howler monkey hoots and howls with incredible vigour!
The orc priest calls upon Beogh to heal the orc wizard.
The orc wizard is healed somewhat.
Something shouts, "Take thy face hence, thou spongy spur-galled yak-dropping!"
There is a stone staircase leading down here.
The ogre hits you with a +0 giant club!
* * * LOW HITPOINT WARNING * * *
The centaur unwields a +0 shortbow.
The centaur hits you.
You die...

##.........##.##...
##........#.......
###.#.........#....
#.............#....
##...............##.
##.....##.....#.###..
##.....##o..####......
#.....h.@..#####.####.
##...@Oo..........#...
#....c.........##....
###..........###..#.
##...#......##.....
#..####........#..
#### #.....##.##.#
##........####
##.†..##.......
#....##........


You could see Edmund, an ogre, a centaur, a howler monkey, an orc priest and an
orc wizard.

Vanquished Creatures
  Eustachio (D:4)
  A hornet zombie (D:5)
  An ice beast (D:5)
  A gnoll shaman (D:6)
  An orc priest (D:3)
  Ijyb (D:3)
  2 iguanas (D:5)
  A hound skeleton (D:5)
  6 adders
  3 gnolls
  An ufetubus (D:6)
  A worm (D:2)
  3 dart slugs
  8 orcs
  5 endoplasms
  3 giant cockroaches
  6 goblins
  4 hobgoblins
  4 jackals (D:2)
  5 quokkas
  8 ball pythons
  2 bats
  2 frilled lizards
  12 kobolds
  7 rats
89 creatures vanquished.

Notes
Turn   | Place    | Note
-------+----------+-------------------------------------------
     0 | Abyss:1  | PentaManta the Troll Abyssal Knight began the quest for the
                  | Orb.
     0 | Abyss:1  | Reached XP level 1. HP: 22/22 MP: 1/1
    21 | D:1      | Escaped the Abyss
   141 | D:1      | Reached XP level 2. HP: 11/29 MP: 2/2
   182 | D:1      | Reached skill level 3 in Unarmed Combat
   419 | D:1      | Reached ** piety under Lugonu
   510 | D:1      | Reached XP level 3. HP: 36/36 MP: 3/3
   762 | D:1      | Found a stormy altar of Qazlal.
  1126 | D:2      | Found a faded altar of an unknown god.
  1248 | D:2      | Found a shimmering altar of Xom.
  1594 | D:3      | Reached skill level 4 in Unarmed Combat
  1594 | D:3      | Reached XP level 4. HP: 28/44 MP: 4/4
  1665 | D:3      | Noticed Ijyb
  1674 | D:3      | Killed Ijyb
  1751 | D:3      | You fall into a shaft and drop 1 floor!
  1761 | D:4      | Found a staircase to the Ecumenical Temple.
  1767 | Temple   | Entered the Ecumenical Temple
  1782 | D:4      | Noticed Eustachio
  1805 | D:4      | Found Mowyvaf's Weapon Boutique.
  1824 | D:3      | Found an ornate altar of the Wu Jian Council.
  1864 | D:3      | Reached XP level 5. HP: 48/50 MP: 5/5
  2402 | D:4      | Found Neuss's Antique Armour Emporium.
  2458 | D:4      | Found Nyweilesm's Distillery.
  2477 | D:4      | Reached skill level 5 in Unarmed Combat
  2482 | D:4      | Bought a potion of might for 40 gold pieces
  2482 | D:4      | Bought a potion of resistance for 100 gold pieces
  2482 | D:4      | Bought a potion of heal wounds for 50 gold pieces
  2572 | D:4      | Killed Eustachio
  2573 | D:4      | Reached XP level 6. HP: 10/59 MP: 7/7
  2775 | D:4      | Found Ulinoena's Weapon Shoppe.
  2847 | D:4      | Found Jaqacuuj's Armour Shoppe.
  2871 | D:4      | Reached *** piety under Lugonu
  3122 | D:4      | Bought a potion of haste for 100 gold pieces
  3140 | D:5      | Entered Level 5 of the Dungeon
  3142 | D:5      | Noticed Edmund
  3232 | D:5      | Found Wumu's General Store.
  3275 | D:5      | Bought a scroll of fear for 42 gold pieces
  3367 | D:6      | Reached skill level 6 in Unarmed Combat
  3437 | D:5      | Found a radiant altar of Vehumet.
  3456 | D:5      | Noticed an ice beast
  3464 | D:5      | Killed an ice beast
  3465 | D:5      | Reached XP level 7. HP: 48/66 MP: 8/8
  3498 | D:5      | Reached skill level 7 in Unarmed Combat
  3602 | D:5      | Slain by a centaur

Illustrated notes

Levels and vault maps discovered:
D:1:      dpeg_arrival_water_altar, layout_basic
D:2:      layout_basic, basic_altar, shapermc_ecumenical_altar_hornbeckon
D:3:      wander_river, layout_rooms, mainiacjoe_overflow_tiny_flanked,
          nrook_loot_triangle, uniq_ijyb
D:4:      layout_loops_ring, minmay_temple_entry_hall, serial_shops,
          nicolae_stop_n_shop_2, shop_statue, nicolae_shop_crystal,
          nicolae_shop_trees, shop, uniq_eustachio
D:5:      layout_cave_pools, mainiacjoe_overflow_catch_the_wave,
          lemuel_coloured_pillars_altar, hex_large, nicolae_inconvenience_store,
          uniq_edmund
D:6:      layout_basic, serial_glass, glass_columns_a, glass_columns_c
Temple:   nicolae_temple_elliptical

Skill      XL: |  1  2  3  4  5  6  7 |
---------------+----------------------+-----
Unarmed Combat | 3 4 5 6 7 |  7.0
Invocations    | 2 3 4 |  4.1
Fighting       | |  2.4
Dodging        | |  1.9

Action                   |  1- 3 |  4- 6 |  7- 9 || total
-------------------------+-------+-------+-------++-------
Melee: Unarmed           |   131 |   133 |    17 ||   281
       Punch             |       |     2 |       ||     2
  Use: Potion            |     2 |     1 |     2 ||     5
 Stab: Sleeping          |     2 |       |       ||     2
Armor: Robe              |    41 |    46 |    10 ||    97
Dodge: Dodged            |    59 |    67 |    15 ||   141
